UNITED STATES PREMIER LEAGUE
ATLANTA SMOKE VS LEXINGTON BC
07/05/2014
 
TOP OF THE 1ST
Lexington BC batting - Pitching for Atlanta Smoke : RHP Florim Zhulati
Pitching: RHP Florim Zhulati
Batting: RHB Ed Anderson 0-0: Ball
1-0: Swinging Strike
1-1: Ball
2-1: Foul Ball, location: 2F
2-2: Foul Ball, location: 2F
2-2: Fly out, F2 (Popup, 2RF)
Batting: RHB Brian O'Brian 0-0: Swinging Strike
0-1: SINGLE (Line Drive, 5D)
Batting: RHB Júlio Gruzmán 0-0: Called Strike
0-1: Foul Ball, location: 2F
0-2: SINGLE (Flyball, 8LS)
Brian O'Brian to second
Runner from 2nd tries for 3rd, SAFE, throw made to third
Batting: LHB Jerry Harris 0-0: Ball
1-0: Ball
2-0: Grounds into double play, 6-4-3 (Groundball, 6M)
Top of the 1st over - 0 run(s), 2 hit(s), 0 error(s), 2 left on base; Lexington 0 - Atlanta 0
BOTTOM OF THE 1ST
Atlanta Smoke batting - Pitching for Lexington BC : LHP Juan Júlio
Pitching: LHP Juan Júlio
Batting: LHB Jason Powell 0-0: Ball
1-0: Ball
2-0: Called Strike
2-1: Fly out, F9 (Flyball, 89XD)
Batting: LHB Luis Rodríguez 0-0: Called Strike
0-1: Ball
1-1: Swinging Strike
1-2: Ball
2-2: Fly out, F2 (Popup, 2RF)
Batting: LHB Gonzalo López 0-0: Hit by Pitch
Batting: RHB Bob Campbell 0-0: Ball
1-0: Called Strike
1-1: Fly out, F9 (Flyball, 9LD)
Bottom of the 1st over - 0 run(s), 0 hit(s), 0 error(s), 1 left on base; Lexington 0 - Atlanta 0
TOP OF THE 2ND
Lexington BC batting - Pitching for Atlanta Smoke : RHP Florim Zhulati
Batting: RHB Curt Phillips 0-0: Ball
1-0: Foul Ball, location: 2F
1-1: Ground out 5-3 (Groundball, 5)
Batting: RHB Enrique Pérez 0-0: Ball
1-0: Ball
2-0: Ball
3-0: Called Strike
3-1: Ground out 5-3 (Groundball, 5)
Batting: RHB Lockwood Rose 0-0: Ball
1-0: Swinging Strike
1-1: Called Strike
1-2: Ball
2-2: Ball
3-2: Foul Ball, location: 2F
3-2: Foul Ball, location: 2F
3-2: Fly out, F9 (Flyball, 9D)
Top of the 2nd over - 0 run(s), 0 hit(s), 0 error(s), 0 left on base; Lexington 0 - Atlanta 0
BOTTOM OF THE 2ND
Atlanta Smoke batting - Pitching for Lexington BC : LHP Juan Júlio
Batting: LHB Kenneth Chapman 0-0: Ball
1-0: Ball
2-0: Called Strike
2-1: Ball
3-1: Called Strike
3-2: Ground out 4-3 (Groundball, 4)
Batting: LHB Cristián Baca 0-0: Foul Ball, location: 2F
0-1: SINGLE (Groundball, 6MD)
Batting: RHB Miguel García 0-0: Called Strike
0-1: Fielders Choice at 2nd, 6-4 (Groundball, 6M)
Batting: RHB Jeremy Alexander 0-0: Called Strike
0-1: Foul Ball, location: 2F
0-2: Ball
1-2: Strikes out swinging
Bottom of the 2nd over - 0 run(s), 1 hit(s), 0 error(s), 1 left on base; Lexington 0 - Atlanta 0
TOP OF THE 3RD
Lexington BC batting - Pitching for Atlanta Smoke : RHP Florim Zhulati
Batting: RHB Blaine Bell 0-0: Ball
1-0: Ground out 6-3 (Groundball, 6)
Batting: LHB Juan Júlio 0-0: Ball
1-0: Foul Ball, location: 2F
1-1: Foul Ball, location: 2F
1-2: Ball
2-2: Strikes out looking
Batting: RHB Ed Anderson 0-0: Called Strike
0-1: Ground out 1-3 (Groundball, 13S)
Top of the 3rd over - 0 run(s), 0 hit(s), 0 error(s), 0 left on base; Lexington 0 - Atlanta 0
BOTTOM OF THE 3RD
Atlanta Smoke batting - Pitching for Lexington BC : LHP Juan Júlio
Batting: RHB Florim Zhulati 0-0: SINGLE (Line Drive, 6D)
Batting: LHB Jason Powell 0-0: Ball
1-0: Called Strike
1-1: SINGLE (Line Drive, 89M)
Florim Zhulati to second
Batting: LHB Luis Rodríguez 0-0: Ball
1-0: Foul Ball, location: 2F
1-1: Ball
2-1: Fly out, F9 (Flyball, 9M)
Batting: LHB Gonzalo López 0-0: Ball
1-0: Called Strike
1-1: Ball
2-1: Swinging Strike
2-2: Foul Ball, location: 2F
2-2: Foul Ball, location: 2F
2-2: Strikes out swinging
Batting: RHB Bob Campbell 0-0: Ground out 1-3 (Groundball, 13S)
Bottom of the 3rd over - 0 run(s), 2 hit(s), 0 error(s), 2 left on base; Lexington 0 - Atlanta 0
TOP OF THE 4TH
Lexington BC batting - Pitching for Atlanta Smoke : RHP Florim Zhulati
Batting: RHB Brian O'Brian 0-0: Ball
1-0: Swinging Strike
1-1: Foul Ball, location: 2F
1-2: Ball
2-2: Ground out 5-3 (Groundball, 56S)
Batting: RHB Júlio Gruzmán 0-0: Ball
1-0: Swinging Strike
1-1: Called Strike
1-2: Foul Ball, location: 2F
1-2: Ball
2-2: Foul Ball, location: 2F
2-2: Strikes out swinging
Batting: LHB Jerry Harris 0-0: Ball
1-0: Ball
2-0: Foul Ball, location: 2F
2-1: Foul Ball, location: 2F
2-2: Ground out 4-3 (Groundball, 4)
Top of the 4th over - 0 run(s), 0 hit(s), 0 error(s), 0 left on base; Lexington 0 - Atlanta 0
BOTTOM OF THE 4TH
Atlanta Smoke batting - Pitching for Lexington BC : LHP Juan Júlio
Batting: LHB Kenneth Chapman 0-0: Ball
1-0: SINGLE (Line Drive, 89S)
Batting: LHB Cristián Baca 0-0: Ball
1-0: Ball
2-0: Ball
3-0: Called Strike
3-1: Called Strike
3-2: DOUBLE (Popup, 7LS)
Kenneth Chapman to third
Batting: RHB Miguel García 0-0: Ball
1-0: Foul Ball, location: 2F
1-1: Called Strike
1-2: Ball
2-2: Ball
3-2: SINGLE (Groundball, 56D)
Kenneth Chapman scores
Cristián Baca to third
Batting: RHB Jeremy Alexander 0-0: Ball
1-0: Foul Ball, location: 2F
1-1: Grounds into double play, 6-4-3 (Groundball, 6)
Cristián Baca scores
Batting: RHB Florim Zhulati 0-0: Ball
1-0: Ground out 5-3 (Groundball, 56)
Bottom of the 4th over - 2 run(s), 3 hit(s), 0 error(s), 0 left on base; Lexington 0 - Atlanta 2
TOP OF THE 5TH
Lexington BC batting - Pitching for Atlanta Smoke : RHP Florim Zhulati
Batting: RHB Curt Phillips 0-0: Ball
1-0: Fly out, F8 (Flyball, 8RM)
Batting: RHB Enrique Pérez 0-0: Ball
1-0: Called Strike
1-1: Ball
2-1: Ball
3-1: Called Strike
3-2: Strikes out looking
Batting: RHB Lockwood Rose 0-0: Foul Ball, location: 2F
0-1: SINGLE (Line Drive, 4MD)
Batting: RHB Blaine Bell 0-0: Ball
1-0: Called Strike
1-1: Foul Ball, location: 2F
1-2: Ball
2-2: Foul Ball, location: 2F
2-2: Ground out 6-3 (Groundball, 6)
Top of the 5th over - 0 run(s), 1 hit(s), 0 error(s), 1 left on base; Lexington 0 - Atlanta 2
BOTTOM OF THE 5TH
Atlanta Smoke batting - Pitching for Lexington BC : LHP Juan Júlio
Batting: LHB Jason Powell 0-0: Ball
1-0: Foul Ball, location: 2F
1-1: Ball
2-1: Fly out, F8 (Line Drive, 78M)
Batting: LHB Luis Rodríguez 0-0: Fly out, F4 (Line Drive, 4)
Batting: LHB Gonzalo López 0-0: Fly out, F7 (Flyball, 7M)
Bottom of the 5th over - 0 run(s), 0 hit(s), 0 error(s), 0 left on base; Lexington 0 - Atlanta 2
TOP OF THE 6TH
Lexington BC batting - Pitching for Atlanta Smoke : RHP Florim Zhulati
Batting: LHB Juan Júlio 0-0: Called Strike
0-1: Swinging Strike
0-2: Ball
1-2: Strikes out swinging
Batting: RHB Ed Anderson 0-0: Foul Ball, location: 2F
0-1: Called Strike
0-2: Ball
1-2: SINGLE (Line Drive, 7S)
Batting: RHB Brian O'Brian 0-0: Called Strike
0-1: Foul Ball, location: 2F
0-2: Fly out, F7 (Flyball, 78S)
Batting: RHB Júlio Gruzmán 0-0: Ball
1-0: Fielders Choice at 2nd, U6 (Groundball, 6M)
Top of the 6th over - 0 run(s), 1 hit(s), 0 error(s), 1 left on base; Lexington 0 - Atlanta 2
BOTTOM OF THE 6TH
Atlanta Smoke batting - Pitching for Lexington BC : LHP Juan Júlio
Batting: RHB Bob Campbell 0-0: Foul Ball, location: 2F
0-1: Ball
1-1: Swinging Strike
1-2: SINGLE (Groundball, 4MD)
Batting: LHB Kenneth Chapman 0-0: Called Strike
0-1: Called Strike
0-2: Ball
1-2: Ball
2-2: Fly out, F7 (Flyball, 7LD)
Batting: LHB Cristián Baca 0-0: Ball
1-0: Ball
2-0: Ball
3-0: Called Strike
3-1: Fly out, F6 (Popup, 56D)
Batting: RHB Miguel García 0-0: Swinging Strike
0-1: Ball
1-1: Fielders Choice at 2nd, U6 (Groundball, 6M)
Bottom of the 6th over - 0 run(s), 1 hit(s), 0 error(s), 1 left on base; Lexington 0 - Atlanta 2
TOP OF THE 7TH
Lexington BC batting - Pitching for Atlanta Smoke : RHP Florim Zhulati
Batting: LHB Jerry Harris 0-0: Called Strike
0-1: Ball
1-1: Called Strike
1-2: Strikes out swinging
Batting: RHB Curt Phillips 0-0: SOLO HOME RUN (Flyball, 78XD), Distance : 433 ft
Batting: RHB Enrique Pérez 0-0: Swinging Strike
0-1: Foul Ball, location: 2F
0-2: Strikes out swinging
Batting: RHB Lockwood Rose 0-0: Ball
1-0: Ball
2-0: Ball
3-0: Called Strike
3-1: Base on Balls
Batting: RHB Blaine Bell 0-0: Foul Ball, location: 2F
0-1: Swinging Strike
0-2: Foul Ball, location: 2F
0-2: Ball
1-2: Strikes out looking
Top of the 7th over - 1 run(s), 1 hit(s), 0 error(s), 1 left on base; Lexington 1 - Atlanta 2
BOTTOM OF THE 7TH
Atlanta Smoke batting - Pitching for Lexington BC : LHP Juan Júlio
Batting: RHB Jeremy Alexander 0-0: Called Strike
0-1: Ball
1-1: Ball
2-1: Fly out, F8 (Flyball, 78D)
Batting: RHB Florim Zhulati 0-0: Ground out 1-3 (Groundball, 23)
Batting: LHB Jason Powell 0-0: Ball
1-0: Ball
2-0: Swinging Strike
2-1: Foul Ball, location: 2F
2-2: Ball
3-2: Ground out 4-3 (Groundball, 4)
Bottom of the 7th over - 0 run(s), 0 hit(s), 0 error(s), 0 left on base; Lexington 1 - Atlanta 2
TOP OF THE 8TH
Lexington BC batting - Pitching for Atlanta Smoke : RHP Florim Zhulati
Now at 1B: Curt Bryant
Now in LF: Jorge Lucero
Pinch Hitting: LHB Daniel Ruíz 0-0: Fly out, F9 (Flyball, 9LM)
Batting: RHB Ed Anderson 0-0: Called Strike
0-1: Swinging Strike
0-2: Ball
1-2: Ball
2-2: Strikes out looking
Batting: RHB Brian O'Brian 0-0: SINGLE (Flyball, 8RS)
Batting: RHB Júlio Gruzmán 0-0: Ground out 5-3 (Groundball, 56S)
Top of the 8th over - 0 run(s), 1 hit(s), 0 error(s), 1 left on base; Lexington 1 - Atlanta 2
BOTTOM OF THE 8TH
Atlanta Smoke batting - Pitching for Lexington BC : LHP Juan Júlio
Pitching: RHP Myron Snow
Batting: LHB Luis Rodríguez 0-0: Ball
1-0: Called Strike
1-1: Ball
2-1: Foul Ball, location: 2F
2-2: Strikes out swinging
Pitching: LHP Tim Fitzgerald
Batting: LHB Gonzalo López 0-0: Called Strike
0-1: Swinging Strike
0-2: Ball
1-2: Foul Ball, location: 2F
1-2: Ball
2-2: Ball
3-2: Base on Balls
Pitching: RHP Burt Booth
Batting: RHB Bob Campbell 0-0: Ball
1-0: Called Strike
1-1: Ground out 5-3 (Groundball, 56S)
Gonzalo López to second
Pinch Hitting: LHB César Durán 0-0: Foul Ball, location: 2F
0-1: Fly out, F8 (Flyball, 8LXD)
Bottom of the 8th over - 0 run(s), 0 hit(s), 0 error(s), 1 left on base; Lexington 1 - Atlanta 2
TOP OF THE 9TH
Lexington BC batting - Pitching for Atlanta Smoke : RHP Florim Zhulati
Pitching: RHP Roy Robinson
Now at 1B: César Durán
Batting: LHB Jerry Harris 0-0: Foul Ball, location: 2F
0-1: Called Strike
0-2: Ground out 4-3 (Groundball, 4)
Batting: RHB Curt Phillips 0-0: Ball
1-0: Ball
2-0: Ball
3-0: Called Strike
3-1: Ground out 6-3 (Groundball, 6M)
Batting: RHB Enrique Pérez 0-0: Ball
1-0: Foul Ball, location: 2F
1-1: Called Strike
1-2: Foul Ball, location: 2F
1-2: Strikes out swinging
Top of the 9th over - 0 run(s), 0 hit(s), 0 error(s), 0 left on base; Lexington 1 - Atlanta 2
This league is powered by Out of the Park Baseball, the baseball management simulation game for PC, Mac and Linux
Thursday, April 24th, 2014 - OOTP Baseball 14.6 Build 33